 Dungeon Crawl Stone Soup version 0.20.0-15-g7f486f2 (webtiles) character file.

29 Chiseanne the Magician (level 3, 13/36 HPs)
             Began as a Demonspawn Wizard on June 15, 2017.
             Quit the game on level 1 of the Dungeon.
             The game lasted 00:00:52 (622 turns).

Chiseanne the Magician (Demonspawn Wizard)           Turns: 622, Time: 00:00:53

Health: 13/36      AC: 21    Str:  7    XL:     3   Next: 1%
Magic:  2/8        EV:  2    Int: 20    God:
Gold:   66         SH:  0    Dex: 11    Spells: 8/9 levels left

rFire    . . .     SeeInvis .   k - +0 short sword
rCold    . . .     Gourm    .   (no shield)
rNeg     + + +     Faith    .   (armour currently unavailable)
rPois    +         Spirit   .   (helmet currently unavailable)
rElec    .         Reflect  .   (cloak currently unavailable)
rCorr    .         Harm     .   (gloves currently unavailable)
MR       .....     NoTele   +   (boots currently unavailable)
Stlth    +++.......             (no amulet)
Regen    0.2/turn               (no ring)
MPRegen  0.2/turn               (no ring)

@: tree-form
A: nightstalker 1
a: no special abilities


You were on level 1 of the Dungeon.
You were not hungry.
You were a tree.
You visited 1 branch of the dungeon, and saw 1 of its levels.

You collected 66 gold pieces.

Inventory:

Hand Weapons
 k - a +0 short sword (weapon)
Missiles
 e - 37 stones (quivered)
Armour
 a - a +0 robe (melded)
 b - a +0 hat (melded)
Scrolls
 g - a scroll of noise {unknown}
 h - a scroll of fear {unknown}
 i - a scroll of enchant weapon {unknown}
 j - a scroll of fog {unknown}
 m - a scroll of immolation {unknown}
Books
 c - a book of Minor Magic

   Spells                             Type                      Level
   a - Magic Dart                     Conjuration                  1
   b - Blink                          Translocation                2
   c - Call Imp                       Summoning                    2
   d - Slow                           Hexes                        2
   e - Conjure Flame                  Conjuration/Fire             3
   f - Mephitic Cloud                 Conjuration/Poison/Air       3
Comestibles
 d - 2 bread rations
 l - 3 chunks of flesh


   Skills:
 - Level 1.7 Dodging
 - Level 1.7 Stealth
 * Level 3.6 Spellcasting
 * Level 2.0 Conjurations
   Level 1.0 Summonings
   Level 0.8 Translocations


You had 8 spell levels left.
You knew the following spells:

 Your Spells              Type           Power        Failure   Level  Hunger
a - Magic Dart            Conj           ##..         6%          1    None


Dungeon Overview and Level Annotations

Branches:
Dungeon (1/15)

Altars:


Innate Abilities, Weirdness & Mutations

((You are partially covered in thin metallic scales. (AC +2)))
You are slightly more attuned to the shadows.


Message History

The kobold hits you but does no damage.
You hit the kobold.
You kill the kobold!
Your Conjurations skill increases to level 2!
You hit the goblin but do no damage. The goblin hits you but does no damage.
You closely miss the goblin.
The goblin hits you but does no damage. x2
You hit the goblin.
The goblin is heavily wounded.
The goblin hits you but does no damage.
You closely miss the goblin.
The goblin is heavily wounded.
The goblin hits you but does no damage.
You hit the goblin.
You kill the goblin!
You have reached level 3!
Your experience leads to an increase in your attributes!
Increase (S)trength, (I)ntelligence, or (D)exterity?
You feel clever.
Your demonic ancestry asserts itself...
You slip into the darkness of the dungeon.
Are you sure you want to abandon this character and quit the game? (Confirm with "yes".)

.....###...# .....# #...#
.. .... .....###...# .#
.... ........# ## .#.....
###.....# l#....
###.....# ....##
........######+## )....
....######......##..#.###
....# #......♣=.......
....# #......####..###
....# #÷.....'.....#
....######......####..#
###.............#
#........######
#........# #........#
#........#


There were no monsters in sight!

Vanquished Creatures
  An ooze (D:1)
  2 dart slugs (D:1)
  3 leopard geckos (D:1)
  2 giant cockroaches (D:1)
  A goblin (D:1)
  2 hobgoblins (D:1)
  2 kobolds (D:1)
  A bat (D:1)
  2 frilled lizards (D:1)
  2 rats (D:1)
18 creatures vanquished.

Notes
Turn   | Place    | Note
-------+----------+-------------------------------------------
     0 | D:1      | Chiseanne the Demonspawn Wizard began the quest for the Orb.
     0 | D:1      | Reached XP level 1. HP: 13/13 MP: 4/4
   308 | D:1      | Gained mutation: You are partially covered in thin metallic scales. (AC +2) [demonic ancestry]
   308 | D:1      | Reached XP level 2. HP: 15/19 MP: 0/6
   621 | D:1      | Gained mutation: You are slightly more attuned to the shadows. [demonic ancestry]
   621 | D:1      | Reached XP level 3. HP: 13/24 MP: 2/8
   622 | D:1      | Quit the game

Skill      XL: |  1  2 |
---------------+-------+-----
Conjurations   | 2 |  2.0
Dodging        | |  1.7
Stealth        | |  1.7
Spellcasting   | |  3.6
Summonings     | |  1.0
Translocations | |  0.8

Action                   || total
-------------------------++-------
Melee: Unarmed           ||     5
       Short sword       ||    25
 Cast: Magic Dart        ||    36
  Use: Potion            ||     1
Armor: Robe              ||     5
       Skin              ||    14
Dodge: Dodged            ||     9
